 Dungeon Crawl Stone Soup version 0.17.1-1-g73c8601 (webtiles) character file.

18 DeXoteric the Ogre Mage (level 2, 0/24 HPs)
             Began as an Ogre Fire Elementalist on Jan 2, 2016.
             Succumbed to an adder's poison
             ... on level 1 of the Dungeon.
             The game lasted 00:03:51 (981 turns).

DeXoteric the Ogre Mage (Ogre Fire Elementalist)     Turns: 981, Time: 00:03:52

Health: 0/24       AC:  3    Str: 12    XL:     2   Next: 70%
Magic:  2/5        EV: 10    Int: 14    God:
Gold:   84         SH:  0    Dex: 10    Spells: 1 memorised, 5 levels left

rFire  . . .     SeeInvis .     d - +0 whip
rCold  . . .     Clarity  .     a - +0 robe
rNeg   . . .     SustAt   .     (no shield)
rPois  .         Gourm    .     (helmet restricted)
rElec  .         Spirit   .     (no cloak)
rCorr  .         Warding  .     (gloves unavailable)
rMut   .         Stasis   .     (boots unavailable)
MR     .....                    (no amulet)
Stlth  +.........               (no ring)
                                (no ring)

@: lethally poisoned (0 -> -10), very slightly contaminated, not resistant to
hostile enchantments, very unstealthy
A: unfitting armour, tough skin 1
a: no special abilities


You were on level 1 of the Dungeon.
You were not hungry.

You visited 1 branch of the dungeon, and saw 2 of its levels.

You collected 84 gold pieces.

Inventory:

Hand Weapons
 d - a +0 whip (weapon)
Armour
 a - a +0 robe (worn)
Scrolls
 e - a scroll of fog {unknown}
 h - a scroll of immolation {unknown}
 i - a scroll of magic mapping {unknown}
 j - a scroll of remove curse {unknown}
 m - a scroll of identify {unknown}
Potions
 k - a potion of ambrosia {unknown}
 n - a potion of flight {unknown}
 o - a potion of invisibility {unknown}
Books
 b - a book of Flames

   Spells                             Type                      Level
   a - Flame Tongue                   Conjuration/Fire             1
   b - Throw Flame                    Conjuration/Fire             2
   c - Conjure Flame                  Conjuration/Fire             3
   d - Inner Flame                    Hexes/Fire                   3
   e - Sticky Flame                   Conjuration/Fire             4
   f - Fireball                       Conjuration/Fire             5
Comestibles
 c - 2 bread rations
 f - 2 meat rations
 g - a beef jerky
 l - 3 chunks of flesh


   Skills:
 + Level 1.3 Maces & Flails
 - Level 1.7 Dodging
 - Level 1.5 Stealth
 + Level 2.6 Spellcasting
 + Level 1.0 Conjurations
 + Level 2.4 Fire Magic


You had 5 spell levels left.
You knew the following spells:

 Your Spells              Type           Power        Failure   Level  Hunger
a - Flame Tongue          Conj/Fire      #....        14%         1    #......


Dungeon Overview and Level Annotations

Branches:
Dungeon (2/15)

Altars:


Innate Abilities, Weirdness & Mutations

You are too large for most types of armour.
You have tough skin (AC +1).


Message History

You take 1 damage, and have 7/24 hp.
* * * LOW HITPOINT WARNING * * *
You feel sick. The giant gecko closely misses you.
You take 1 damage, and have 6/24 hp.
* * * LOW HITPOINT WARNING * * *
You feel sick.
You take 1 damage, and have 5/24 hp.
* * * LOW HITPOINT WARNING * * *
You feel sick. The giant gecko barely misses you.
You take 1 damage, and have 4/24 hp.
Aim: an adder (heavily wounded)
You miscast Flame Tongue.
You are very lightly contaminated with residual magic.
The air around you crackles with energy!
* * * LOW HITPOINT WARNING * * *
You feel sick. The adder bites you.
* * * LOW HITPOINT WARNING * * *
The giant gecko bites you but does no damage.
You take 3 damage, and have 1/24 hp.
You now have 1/5 mp.
You die...

...# #.#.####.....#.# #.....###
#### #.#.#######..#.# ###...#
#............#.# ###.#
#...########.#.# #...#
########....#######...# #.###
#................###..#####...#
#................##........##.#
#................##........+..#
#...............O##........####
#.........(.......l..>.....#
#................(S##+#...##
.............)#....'..#.###
..............#....####.#
..............#....# #.#
....######....#########.# ....#
#....#......##.# ....#
######......##.#


You could see an adder and a giant gecko.

Vanquished Creatures
  An ooze (D:1)
  A ball python (D:1)
  A giant cockroach (D:1)
  2 goblins (D:1)
  A bat (D:1)
  2 giant newts (D:1)
  5 kobolds (D:1)
  A rat (D:1)
14 creatures vanquished.

Notes
Turn   | Place    | Note
--------------------------------------------------------------
     0 | D:1      | DeXoteric the Ogre Fire Elementalist began the quest for the Orb.
     0 | D:1      | Reached XP level 1. HP: 16/16 MP: 3/3
   232 | D:1      | Reached skill level 1 in Maces & Flails
   358 | D:1      | Reached XP level 2. HP: 24/24 MP: 3/5
   749 | D:1      | Reached skill level 1 in Conjurations
   980 | D:1      | HP: 1/24 [adder (2)]
   981 | D:1      | Succumbed to an adder's poison

Action                   || total
-------------------------++-------
Melee: Whip              ||     8
 Cast: Flame Tongue      ||    21
